 Dungeon Crawl Stone Soup version 0.31-a0-1099-g7fa767f3fe (webtiles) character file.

Game seed: 9916624675745873285

93 Gumption the Ruffian (level 4, 0/45 HPs)
             Began as a Troll Fighter on Dec 1, 2023.
             Slain by an orc priest
             ... wielding a +0 whip
              (2 damage)
             ... on level 2 of the Dungeon.
             The game lasted 00:05:47 (1132 turns).

Gumption the Ruffian (Troll Fighter)                Turns: 1132, Time: 00:05:47

Health: 0/45       AC:  4    Str: 24    XL:     4   Next: 36%
Magic:  3/3        EV:  9    Int:  4    God:
Gold:   70         SH:  8    Dex: 11    Spells: 3/3 levels left

rFire   . .          .
                       - Unarmed
rCold   . . .        b - +0 kite shield
rNeg    . . .        a - +0 robe
rPois   .            (helmet restricted)
rElec   .            (no cloak)
rCorr   .            (gloves unavailable)
SInv    .            (boots unavailable)
Will    .....        (no amulet)
Stlth   +            (no ring)
HPRegen 1.07/turn    (no ring)
MPRegen 0.08/turn

%: no passive effects
@: no status effects
A: large, unfitting armour, claws 3, regeneration 1, shaggy fur 1, tough skin 1
a: no special abilities


You were on level 2 of the Dungeon.
You visited 1 branch of the dungeon, and saw 2 of its levels.

You collected 70 gold pieces.

Inventory:

Missiles
 e - 21 stones (quivered)
Armour
 a - a +0 robe (worn)
 b - a +0 kite shield (worn)
Scrolls
 d - a scroll of enchant armour {unknown}
 f - a scroll of immolation {unknown}
 g - 2 scrolls of identify {unknown}
 h - a scroll of poison {unknown}
 i - 2 scrolls of vulnerability {unknown}
 j - a scroll of enchant weapon {unknown}
 k - a scroll of fear {unknown}
 m - a scroll of silence {unknown}
 n - a scroll of teleportation {unknown}
Potions
 c - a potion of might
 l - a potion of berserk rage {unknown}
 o - 2 potions of curing {unknown}


   Skills:
 + Level 3.0 Fighting
 - Level 2.4 Dodging
 + Level 3.2 Shields
 * Level 3.6 Unarmed Combat


You had 3 spell levels left.
You didn't know any spells.
Your spell library was empty.

Dungeon Overview and Level Annotations

Branches:
Dungeon (2/15)

Altars:
Fedhas

Shops:
D:1 =


Innate Abilities, Weirdness & Mutations

You are too large for most types of armour.
You have claws for hands.
Your natural rate of healing is unusually fast.
You are covered in fur. (AC +1)
You have tough skin. (AC +1)


Message History

You kill the endoplasm!
The orc priest hits you with a +0 heavy flail.
You scratch the orc priest.
The orc priest is moderately wounded.
You scratch the orc priest.
The orc priest is heavily wounded.
The orc priest looks satisfied for a moment.
You barely miss the orc priest.
The orc priest is heavily wounded.
You block the orc priest's attack.
You claw the orc priest!
You kill the orc priest!
Your Fighting skill increases to level 3!
You have reached level 4!
Things that are here:
a +0 heavy flail; a +0 leather armour The orc priest invokes the aid of Beogh against you.
Beogh smites you!
The orc priest calls down the wrath of Beogh upon you.
Beogh smites you!
* * * LOW HITPOINT WARNING * * *
The orc priest calls down the wrath of Beogh upon you.
Beogh smites you!
* * * LOW HITPOINT WARNING * * *
You scratch the orc priest.
The orc priest is moderately wounded.
The orc priest hits you with a +0 whip.
* * * LOW HITPOINT WARNING * * *
You scratch the orc priest but do no damage.
The orc priest is moderately wounded.
The orc priest closely misses you.
You barely miss the orc priest.
The orc priest is moderately wounded.
The orc priest invokes the aid of Beogh against you.
Beogh smites you!
* * * LOW HITPOINT WARNING * * *
You claw the orc priest!
The orc priest is almost dead.
The orc priest hits you with a +0 whip.
You die...

.....'.................#
..####.<.......###.....#
..# ##.......## ###...#
..# ##.....#### ##.##
..# ##.......# #.# ..#
##.####.# #.# #.# #.#
#.# #.# ..#
#.####.#####.#
##.#....@o....#
#....##.#######
#.....##.# ##.......#
##.#.#### ###.# ..# ###


You could see an orc priest.

Vanquished Creatures
  An orc priest (D:2)
  2 adders (D:2)
  2 dart slugs
  3 bats (D:1)
  6 endoplasms
  3 giant cockroaches
  2 goblins (D:2)
  4 hobgoblins (D:1)
  3 jackals (D:1)
  5 kobolds
  2 quokkas (D:1)
  A ball python (D:1)
  A frilled lizard (D:1)
  A rat (D:2)
36 creatures vanquished.

Notes
Turn   | Place    | Note
-------+----------+-------------------------------------------
     0 | D:1      | Gumption the Troll Fighter began the quest for the Orb.
     0 | D:1      | Reached XP level 1. HP: 22/22 MP: 0/0
   173 | D:1      | Reached XP level 2. HP: 25/29 MP: 1/1
   193 | D:1      | Found Nieg's Jewellery Boutique.
   508 | D:1      | Reached XP level 3. HP: 36/36 MP: 2/2
   862 | D:2      | Found a blossoming altar of Fedhas.
  1103 | D:2      | Reached XP level 4. HP: 45/45 MP: 3/3
  1131 | D:2      | HP: 1/45 [orc priest/divine providence (12)]
  1132 | D:2      | Slain by an orc priest

Illustrated notes

Levels and vault maps discovered:
D:1:      psy_arrival_basics, layout_loops_cross, serial_shops,
          nicolae_shop_waterfront
D:2:      layout_loops_corners, basic_altar

Skill      XL: |  1  2  3 |
---------------+----------+-----
Shields        | 3 |  3.2
Unarmed Combat | 3 |  3.6
Fighting       | 3 |  3.0
Dodging        | |  2.4

Action                     |  1- 3 |  4- 6 || total
---------------------------+-------+-------++-------
  Melee: Unarmed           |    95 |     4 ||    99
  Throw: Stone             |     1 |       ||     1
   Stab: Sleeping          |     1 |       ||     1
 Armour: Robe              |    42 |     2 ||    44
  Dodge: Dodged            |    23 |     1 ||    24
  Block: Kite shield       |    32 |       ||    32

Table legend: (Time is in decaauts)
 A = Elapsed time spent in this place.
 B = Non-inter-level travel time spent in this place.
 C = Inter-level travel time spent in this place.
 D = Time resting spent in this place.
 E = Time spent auto-exploring this place.
 F = Levels seen in this place.
 G = Mean time per level.
                   A        B        C        D        E       F      G
               +--------+--------+--------+--------+--------+-----+--------+
         Total |   1139 |   1101 |     38 |      0 |    664 |   2 |  569.5 |
       Dungeon |   1139 |   1101 |     38 |      0 |    664 |   2 |  569.5 |
               +--------+--------+--------+--------+--------+-----+--------+

Top non-repeatable levels by time:
     D:1: 688 daAuts
     D:2: 450 daAuts
